 Dungeon Crawl Stone Soup version 0.19.0-2-gae57169 (webtiles) character file.

175 PhynixH2O the Cudgeler (level 5, -3/88 HPs)
             Began as an Ogre Berserker on Nov 3, 2016.
             Was a Priest of Trog.
             Shot with a stone by a goblin (8 damage)
             ... on level 3 of the Dungeon.
             The game lasted 00:08:23 (2167 turns).

PhynixH2O the Cudgeler (Ogre Berserker)             Turns: 2167, Time: 00:08:24

Health: -3/88      AC:  4    Str: 25 (27) XL:     5   Next: 55%
Magic:  5/5        EV: 10    Int:  4 (6)  God:    Trog [***...]
Gold:   199        SH:  0    Dex: 10      Spells: 0 memorised, 4 levels left

rFire  . . .     SeeInvis .     a - +0 mace
rCold  . . .     Gourm    .     b - +0 animal skin
rNeg   . . .     Faith    .     (no shield)
rPois  .         Spirit   .     (helmet restricted)
rElec  .         Reflect  .     j - +0 cloak
rCorr  .         Harm     +     (gloves unavailable)
MR     .....                    (boots unavailable)
Stlth  ..........               o - amulet of harm
                                (no ring)
                                (no ring)

@: berserking, very quick
A: unfitting armour, tough skin 1
a: Berserk, Trog's Hand, Burn Spellbooks, Renounce Religion


You were on level 3 of the Dungeon.
You worshipped Trog.
Trog was most pleased with you.
You were very hungry.

You visited 1 branch of the dungeon, and saw 3 of its levels.

You collected 199 gold pieces.

Inventory:

Hand Weapons
 a - a +0 mace (weapon)
Armour
 b - a +0 animal skin (worn)
 j - a +0 cloak (worn)
Jewellery
 o - an amulet of harm (around neck)
Wands
 e - a wand of digging (11/24)
Scrolls
 d - a scroll of blinking {unknown}
 k - a scroll of teleportation
 m - 2 scrolls of remove curse
 n - a scroll of fog
 p - a scroll of identify
Potions
 f - a potion of beneficial mutation {unknown}
 g - 2 potions of brilliance
 h - a potion of flight
 w - a potion of degeneration
Comestibles
 c - 4 bread rations
 l - 11 chunks of flesh
 q - a royal jelly
 r - a meat ration
 t - a slice of pizza


   Skills:
 + Level 6.1 Fighting
 + Level 6.4 Maces & Flails
 - Level 2.6 Dodging


You had 4 spell levels left.
You didn't know any spells.

Dungeon Overview and Level Annotations

Branches:
Dungeon (3/15)

Altars:


Innate Abilities, Weirdness & Mutations

You are too large for most types of armour.
You have tough skin. (AC +1)


Message History

The hobgoblin is moderately wounded.
You closely miss the hobgoblin.
The hobgoblin is moderately wounded.
The hobgoblin hits you with a club!
* * * LOW HITPOINT WARNING * * *
You hit the hobgoblin.
You kill the hobgoblin!
Trog accepts your kill.
You closely miss the hobgoblin. The hobgoblin barely misses you.
You closely miss the hobgoblin.
You are too berserk!
You sock the hobgoblin!
You feel the power of Trog in you as your rage grows.
You kill the hobgoblin!
Trog accepts your kill.
The goblin unwields an uncursed hand axe of flaming.
It stops flaming.
The goblin wields an uncursed hunting sling.
The goblin shoots a stone.
The stone hits you!
You die...

#.......<....#####,*,*,*,***
############...#**,*,*,*,,,*
#..,..........,,,,*,*,***
#.P,,P..####..,,***,,,*
#.####..#..#..,,******* #
#.#..#..#..*,,,,,,,,,,* #
#.#..#..#'##,,,******,* #
#.##'#..#.(#,,,,,,* *,*
########......g)@(#,,,,*,* *,*
..()).)........####*,,,*,***,*
#######..####...#,,*,,,*,,,*,***
#..#,,#...#,,*,,,***,,,,,*
#..#,,#...#,,*,,,,,,,,,*,**
#..#*+##..#*+*,*,**,*,,,,,,
##.#,,,#...,,,,*,**,**,*,*,
#.#,,,'..g.,,,*,,,,,,,>,,,
#.#,,,#..##**,***,*****,**


You could see a goblin.

Vanquished Creatures
  The ghost of ZlagarX the Stinger, an amateur MfVM (D:3)
  3 adders
  2 worms (D:2)
  2 leopard geckos (D:3)
  2 orcs (D:3)
  5 giant cockroaches
  7 goblins
  9 hobgoblins
  4 jackals (D:2)
  A ball python (D:2)
  7 bats
  5 frilled lizards
  5 kobolds
  9 rats
62 creatures vanquished.

Notes
Turn   | Place    | Note
-------+----------+-------------------------------------------
     0 | D:1      | PhynixH2O the Ogre Berserker began the quest for the Orb.
     0 | D:1      | Reached XP level 1. HP: 24/24 MP: 1/1
   130 | D:1      | Reached XP level 2. HP: 23/32 MP: 2/2
  1210 | D:2      | Reached skill level 5 in Maces & Flails
  1210 | D:2      | Reached XP level 3. HP: 32/40 MP: 3/3
  1297 | D:2      | Reached ** piety under Trog
  1554 | D:2      | Reached skill level 5 in Fighting
  1558 | D:2      | Reached XP level 4. HP: 39/50 MP: 4/4
  2077 | D:3      | Noticed ZlagarX's ghost (amateur MfVM)
  2100 | D:3      | Killed ZlagarX's ghost
  2100 | D:3      | Reached XP level 5. HP: 59/59 MP: 5/5
  2163 | D:3      | HP: 4/88 [hobgoblin/club (9)]
  2167 | D:3      | Reached *** piety under Trog
  2167 | D:3      | Shot with a stone by a goblin

Skill      XL: |  1  2  3  4 |
---------------+-------------+-----
Maces & Flails | 5 6 |  6.4
Fighting       | 5 6 |  6.1
Dodging        | |  2.6

Action                   |  1- 3 |  4- 6 || total
-------------------------+-------+-------++-------
Melee: Mace              |   113 |    79 ||   192
Invok: Berserk           |     1 |     3 ||     4
  Use: Potion            |       |     8 ||     8
       Scroll            |       |     7 ||     7
  Eat: Chunk             |     3 |     4 ||     7
Armor: Animal skin       |    47 |    28 ||    75
Dodge: Dodged            |    67 |    42 ||   109
